AoeStats
← Horizon

Fortress

509588779Analyzed
4v4 RM · 4d ago on Sep 27, 2026· 39m 48s· 8 players
Game mode
Random Map
Map size
Huge
Population
200
Speed
Normal
Resources
Standard
Victory
Conquest
Starting age
Dark Age
Ending age
Imperial Age
RankedLock teamsTeams togetherTeam positionsShared explorationLock speedFull tech treeHidden civsTurbo modeCheats
Victory
Defeat
🇫🇮 Bulgarians · Finland
1622
+14
🇧🇷 Berbers · Brazil
1564
+16
🇫🇮 Celts · Finland
1559
+16
🇫🇮 Chinese · Finland
1556
+16
🇧🇪 Teutons · Belgium
1683
-19
🇹🇼 Gurjaras · Taiwan
1589
-17
🇵🇰 Britons · Pakistan
1508
-13
🇦🇺 Magyars · Australia
1494
-13
Sorrateiro
7:53 Feudal Age
8:39 Double-Bit Axe
11:30 Castle Age
9:55 Horse Collar
10:07 Gold Mining
12:10 Town Watch
12:44 Bow Saw
15:53 Loom
21:24 Wheelbarrow
21:56 Gold Shaft Mining
25:33 Imperial Age
23:17 Heavy Plow
23:40 Fletching
23:51 Padded Archer Armor
24:20 Ballistics
24:04 Stone Mining
24:30 Bodkin Arrow
25:33 Leather Archer Armor
25:01 Treadmill Crane
25:32 Masonry
26:25 Stone Shaft Mining
26:50 Crop Rotation
26:44 Hand Cart
26:55 Bracer
27:59 Ring Archer Armor
26:51 Elite Skirmisher
26:59 Elite Genitour
28:00 Thumb Ring
29:28 Chemistry
28:58 Bloodlines
29:15 Fortified Wall
31:43 Conscription
32:44 Caravan
32:55 Guilds
33:16 Coinage
33:06 Siege Engineers
34:23 Kasbah
35:01 Hoardings
34:57 Crossbowman
35:54 Heavy Cavalry Archer
Kaarlos
6:52 Feudal Age
8:24 Loom
10:59 Castle Age
9:14 Horse Collar
9:34 Double-Bit Axe
11:58 Bow Saw
18:12 Scale Mail Armor
18:32 Forging
20:44 Heavy Plow
21:32 Scale Mail Armor
22:22 Wheelbarrow
21:32 Town Watch
21:41 Gold Mining
22:47 Iron Casting
23:48 Gold Shaft Mining
24:08 Chain Mail Armor
27:04 Imperial Age
24:00 Pikeman
24:56 Squires
25:09 Fletching
25:26 Arson
26:20 Bodkin Arrow
27:43 Hand Cart
27:27 Halberdier
28:38 Plate Mail Armor
29:09 Blast Furnace
27:45 Onager
29:58 Coinage
30:02 Bracer
31:19 Chemistry
30:36 Siege Engineers
30:52 Siege Onager
32:05 Capped Ram
33:28 Banking
33:29 Caravan
34:04 Conscription
36:04 Masonry
35:50 Murder Holes
35:55 Gambesons
36:51 Heavy Scorpion
37:34 Siege Ram
39:59 Ballistics
30Markus
7:56 Feudal Age
11:32 Castle Age
9:45 Double-Bit Axe
12:42 Bow Saw
12:54 Horse Collar
14:25 Wheelbarrow
15:17 Loom
19:59 Hand Cart
24:23 Imperial Age
23:14 Scale Mail Armor
23:25 Forging
24:03 Heavy Plow
24:31 Onager
25:19 Siege Engineers
25:42 Chain Mail Armor
26:29 Masonry
26:17 Town Watch
27:45 Conscription
27:45 Furor Celtica
28:06 Fortified Wall
28:32 Plate Mail Armor
29:16 Siege Onager
29:57 Pikeman
32:22 Iron Casting
31:52 Halberdier
34:17 Caravan
35:57 Capped Ram
38:53 Siege Ram
Ee-meili
0:32 Loom
8:09 Feudal Age
12:17 Castle Age
10:41 Double-Bit Axe
10:46 Horse Collar
14:09 Bow Saw
16:10 Wheelbarrow
16:12 Heavy Plow
18:29 Hand Cart
18:45 Fletching
19:04 Town Watch
19:35 Gold Mining
20:48 Ballistics
22:04 Bodkin Arrow
25:27 Imperial Age
24:00 Bodkin Arrow
24:06 Padded Archer Armor
24:43 Gold Shaft Mining
23:58 Stone Mining
25:05 Leather Archer Armor
25:43 Scale Barding Armor
26:26 Fervor
25:48 Elite Chu Ko Nu
27:39 Two-Man Saw
27:25 Caravan
27:33 Bracer
28:03 Ring Archer Armor
28:40 Chemistry
28:41 Conscription
31:39 Bloodlines
31:29 Husbandry
32:23 Chain Barding Armor
31:28 Light Cavalry
33:18 Plate Barding Armor
32:54 Forging
33:02 Sappers
39:10 Iron Casting
Mehere
7:33 Feudal Age
11:10 Castle Age
9:06 Horse Collar
9:38 Double-Bit Axe
13:59 Wheelbarrow
13:37 Bow Saw
14:17 Heavy Plow
15:45 Loom
17:33 Gold Mining
21:12 Hand Cart
21:43 Scale Mail Armor
21:53 Forging
25:15 Imperial Age
22:29 Pikeman
23:10 Squires
23:07 Stone Mining
23:42 Town Watch
25:41 Iron Casting
25:22 Chain Mail Armor
25:47 Ballistics
25:28 Halberdier
27:13 Chemistry
27:04 Ironclad
27:05 Conscription
27:15 Fortified Wall
28:36 Two-Man Saw
28:58 Crop Rotation
29:34 Blast Furnace
29:05 Plate Mail Armor
28:26 Fletching
30:25 Siege Engineers
30:43 Bombard Tower
32:06 Crenellations
32:18 Onager
35:50 Gambesons
37:07 Masonry
38:56 Bodkin Arrow
菜就怪隊友
8:04 Feudal Age
8:12 Feudal Age
12:13 Castle Age
10:09 Horse Collar
10:37 Double-Bit Axe
14:16 Bow Saw
15:24 Wheelbarrow
15:22 Loom
21:08 Fletching
21:52 Bloodlines
22:11 Bodkin Arrow
22:08 Town Watch
23:30 Padded Archer Armor
27:39 Imperial Age
25:16 Husbandry
26:07 Leather Archer Armor
26:45 Hand Cart
27:47 Elite Elephant Archer
28:49 Conscription
28:31 Bracer
29:33 Chemistry
28:54 Ballistics
28:52 Heavy Plow
29:41 Thumb Ring
30:41 Kshatriyas
33:53 Heavy Camel Rider
36:18 Forging
36:14 Scale Barding Armor
37:47 Elite Skirmisher
politeOil
7:16 Feudal Age
8:45 Loom
11:22 Castle Age
9:40 Double-Bit Axe
10:20 Horse Collar
12:26 Bow Saw
12:52 Heavy Plow
18:45 Wheelbarrow
19:40 Stone Mining
24:58 Imperial Age
23:23 Thumb Ring
24:24 Fletching
24:35 Padded Archer Armor
25:52 Bodkin Arrow
26:12 Leather Archer Armor
26:40 Bracer
28:26 Two-Man Saw
28:12 Ballistics
29:13 Ring Archer Armor
30:49 Parthian Tactics
30:15 Heavy Cavalry Archer
31:51 Corvinian Army
33:51 Husbandry
34:01 Bloodlines
37:36 Recurve Bow
38:43 Scale Barding Armor
Horizon
7:21 Feudal Age
11:13 Castle Age
9:40 Double-Bit Axe
9:53 Horse Collar
15:59 Loom
18:41 Bow Saw
19:50 Wheelbarrow
19:25 Heavy Plow
20:26 Town Watch
21:19 Fletching
25:52 Imperial Age
23:21 Stone Mining
23:29 Gold Mining
24:02 Ballistics
24:38 Bodkin Arrow
25:11 Hand Cart
25:46 Fortified Wall
25:48 Masonry
26:13 Scale Mail Armor
26:24 Forging
26:14 Padded Archer Armor
26:38 Bracer
26:21 Pikeman
27:01 Squires
26:47 Arson
27:35 Conscription
27:23 Scale Mail Armor
27:33 Forging
27:39 Leather Archer Armor
28:06 Leather Archer Armor
28:11 Halberdier
30:13 Chain Mail Armor
30:33 Iron Casting
30:21 Elite Longbowman
30:30 Man-at-Arms
30:55 Gambesons
32:38 Chemistry
31:26 Long Swordsman
32:50 Plate Mail Armor
33:38 Two-Handed Swordsman
35:04 Ring Archer Armor
35:09 Iron Casting
34:17 Champion
38:06 Yeomen
39:24 Siege Engineers
Connection lost

Rejoining the realm…

Still unreachable

The connection could not be restored.

Session expired

The server has moved on; the page needs a fresh start.